 Dungeon Crawl Stone Soup version 0.32-a0-643-ga006e7742e (webtiles) character file.

Game seed: 2026063876923711074

133 dolemite99 the Chopper (level 5, -4/38 HPs)
             Began as a Coglin Reaver on Mar 7, 2024.
             Frozen to death by an endoplasm (5 damage)
             ... on level 3 of the Dungeon.
             The game lasted 00:02:21 (1840 turns).

dolemite99 the Chopper (Coglin Reaver)              Turns: 1840, Time: 00:02:21

Health: -4/38      AC:  8    Str: 15 (18) XL:     5   Next: 16%
Magic:  7/7        EV: 10    Int: 12 (14) God:
Gold:   131        SH:  0    Dex: 10 (12) Spells: 6/7 levels left

rFire   . . .        n - +0 flail {Diego}
rCold   . . .        l - +5 mace "Lolymoef" {heavy, Str+3 Int+2}
rNeg    . . .        e - +0 ring mail
rPois   .            k - +2 helmet
rElec   .            (no cloak)
rCorr   .            (no gloves)
SInv    .            (no boots)
Will    .....        (amulet unavailable) Stlth
                     (ring unavailable)
HPRegen 0.26/turn    (ring unavailable)
MPRegen 0.10/turn    (no gizmo)

%: no passive effects
@: hasted, revved, very quick
A: off-hand wielding, slow wielding, warmup strikes, no jewellery
a: Invent Gizmo


You were on level 3 of the Dungeon.
You visited 1 branch of the dungeon, and saw 3 of its levels.

You collected 131 gold pieces.

Inventory:

Hand Weapons
 a - a +0 hand axe {Karl}
 c - a +0 dagger {Lucía}
 g - a +0 rapier {Ming}
 l - the +5 mace "Lolymoef" (offhand) {heavy, Str+3 Int+2}
   (You found it on level 2 of the Dungeon)

   Str+3:     It affects your strength (+3).
   Int+2:     It affects your intelligence (+2).
 n - a +0 flail (weapon) {Diego}
Missiles
 i - 7 boomerangs (quivered)
 j - 25 stones
 p - 3 poisoned darts
Armour
 b - a +0 leather armour
 e - a +0 ring mail (worn)
 k - a +2 helmet (worn)
Scrolls
 r - 2 scrolls of teleportation
 u - a scroll of vulnerability
 v - a scroll of enchant armour
Potions
 d - a potion of invisibility {unknown}
 f - a potion of degeneration
 h - a potion of brilliance {unknown}
 m - a potion of resistance {unknown}
 q - a potion of curing {unknown}
 s - a potion of might {unknown}
 t - a potion of haste


   Skills:
 - Level 2.0 Fighting
 - Level 4.4(5.0) Axes
 + Level 2.9(3.9) Maces & Flails
 - Level 1.7 Dodging
 - Level 1.7 Spellcasting
 - Level 2.6 Conjurations


You had 6 spell levels left.
You knew the following spells:

 Your Spells              Type           Power      Damage    Failure   Level
a - Kiss of Death         Conj/Necr      16%        2d6       32%         1

Your spell library contained the following spells:

 Spells                   Type           Power      Damage    Failure   Level
 Magic Dart               Conj           28%        1d4       19%         1
 Searing Ray              Conj           14%        2d5       28%         2
 Momentum Strike          Conj/Tloc      8%         3d8       43%         2
 Hailstorm                Conj/Ice       4%         3d5       67%         3
 Fulminant Prism          Conj/Alch      2%         3d5       97%         4


Dungeon Overview and Level Annotations

Branches:
Dungeon (3/15)

Altars:

Annotations:
D:3 Ijyb


Innate Abilities, Weirdness & Mutations

You can wield a second weapon in your off-hand.
It takes a long time for you to wield or remove held weapons.
Your first few attacks do less damage.
You cannot equip rings or amulets.


Message History

You are frozen.
You closely miss Ijyb with the +5 mace "Lolymoef".
Ijyb is moderately wounded.
You barely miss Ijyb with your +0 flail.
Ijyb hits you but does no damage.
The endoplasm hits you but does no damage.
Ijyb zaps a wand.
The puff of flame hits you. The endoplasm freezes you.
You are frozen.
* * * LOW HITPOINT WARNING * * *
You closely miss Ijyb with the +5 mace "Lolymoef".
Ijyb is moderately wounded.
You closely miss Ijyb with your +0 flail.
Ijyb hits you but does no damage. The endoplasm freezes you.
You are frozen.
* * * LOW HITPOINT WARNING * * *
It was a potion of degeneration.
There was something very wrong with that liquid.
You feel weakened.
You feel dopey.
You feel clumsy.
Ijyb zaps a wand.
The puff of flame hits you.
* * * LOW HITPOINT WARNING * * *
The endoplasm hits you.
* * * LOW HITPOINT WARNING * * *
It was a potion of haste.
You feel yourself speed up. Ijyb hits you with a +0 club.
* * * LOW HITPOINT WARNING * * *
The endoplasm freezes you.
You are frozen.
* * * LOW HITPOINT WARNING * * *
Okay, then.
You closely miss Ijyb with your +0 flail.
Ijyb is moderately wounded.
You hit Ijyb with the +5 mace "Lolymoef".
Ijyb hits you with a +0 club.
* * * LOW HITPOINT WARNING * * *
The endoplasm closely misses you. The endoplasm freezes you.
You are frozen.
You die...

#..#....#†####>.#
#..............#
#.#.###...####..#
#.. #.### ####
#.###.#
.....##....#
...........#
######...##
##@#######
#gJ......
.K.g...........
.....######.###
.... # ... .. .


You could see Ijyb and an endoplasm.

Vanquished Creatures
  Jessica (D:2)
  5 adders
  A gnoll (D:1)
  A ribbon worm (D:2)
  3 dart slugs
  5 ball pythons
  4 endoplasms (D:1)
  A giant cockroach (D:2)
  A hobgoblin (D:1)
  A quokka (D:2)
  4 bats
  2 frilled lizards (D:1)
  5 goblins
  8 kobolds
  7 rats
49 creatures vanquished.

Notes
Turn   | Place    | Note
-------+----------+-------------------------------------------
     0 | D:1      | dolemite99 the Coglin Reaver began the quest for the Orb.
     0 | D:1      | Reached XP level 1. HP: 16/16 MP: 3/3
    66 | D:1      | Reached XP level 2. HP: 20/22 MP: 4/4
   142 | D:1      | Reached skill level 4 in Axes
   343 | D:1      | Reached XP level 3. HP: 27/27 MP: 5/5
   823 | D:2      | Identified the +5 mace "Lolymoef" {heavy, Str+3 Int+2}
  1218 | D:2      | Noticed Jessica
  1224 | D:2      | Killed Jessica
  1225 | D:2      | Reached skill level 1 in Maces & Flails
  1225 | D:2      | Reached XP level 4. HP: 33/33 MP: 6/6
  1705 | D:2      | Reached XP level 5. HP: 38/38 MP: 7/7
  1825 | D:3      | Noticed Ijyb
  1840 | D:3      | HP: 1/38 [Ijyb/+0 club (2)]
  1840 | D:3      | Frozen to death by an endoplasm

Illustrated notes

Levels and vault maps discovered:
D:1:      eino_arrival_druids_welcome, layout_basic, nicolae_grassy_gnolls
D:2:      minmay_wonky_spiral, layout_basic, palyth_stone_intersect,
          uniq_jessica
D:3:      layout_loops_ring, uniq_sigmund, uniq_crazy_yiuf_cottage, uniq_ijyb

Skill      XL: |  1  2  3  4 |
---------------+-------------+-----
Axes           | 4 |  4.4
Maces & Flails | 1 2 |  2.9
Fighting       | |  2.0
Dodging        | |  1.7
Spellcasting   | |  1.7
Conjurations   | |  2.6

Action                     |  1- 3 |  4- 6 || total
---------------------------+-------+-------++-------
  Melee: Hand axe          |    63 |       ||    63
         Dagger            |    40 |       ||    40
         Rapier            |    12 |       ||    12
         Mace              |     5 |    27 ||    32
         Flail             |     2 |    24 ||    26
  Throw: Boomerang         |    14 |     7 ||    21
    Use: Scroll            |     4 |     1 ||     5
         Potion            |       |     2 ||     2
 Armour: Leather armour    |    13 |       ||    13
         Ring mail         |    35 |    36 ||    71
  Dodge: Dodged            |    39 |    27 ||    66

Table legend: (Time is in decaauts)
 A = Elapsed time spent in this place.
 B = Non-inter-level travel time spent in this place.
 C = Inter-level travel time spent in this place.
 D = Time resting spent in this place.
 E = Time spent auto-exploring this place.
 F = Levels seen in this place.
 G = Mean time per level.
                   A        B        C        D        E       F      G
               +--------+--------+--------+--------+--------+-----+--------+
         Total |   1870 |   1768 |    102 |    213 |   1073 |   3 |  623.3 |
       Dungeon |   1870 |   1768 |    102 |    213 |   1073 |   3 |  623.3 |
               +--------+--------+--------+--------+--------+-----+--------+

Top non-repeatable levels by time:
     D:2: 1008 daAuts
     D:1: 820 daAuts
     D:3: 41 daAuts
